cohdb
Replays
Latest Replays
All Replays
Popular Replays
Top Player Replays
Match Explorer
How It Works
Community
CoH3 Stats
Reddit
Sign in to upload your games and track your stats! →
Sign in with Steam
Match 47066872
Unlisted
Match 47066872
Overview
Messages
Build Orders
End
Construct Barracks
Engineer Squad
Riflemen Squad
1⁄4-ton 4x4 Truck
Riflemen Squad
Grenade Package
Construct Weapon Support Center
Selects Heavy Weapons
Selects M2HB .50cal Heavy Machine Gun
M1919 Machine Gun Team
Selects Assault Carriers
Infantry Support Center
M3 Assault Carrier
Construct Medical Station
M1919 Machine Gun Team
Engineer Squad
~TAB~ THUND3RCHUNKY
C. Troy
SNIPER
Timeless
0
0
Comments
sign in to comment!
No comments posted yet!